 Dungeon Crawl Stone Soup version 0.22-a0-38-gc6ec8ce517 (webtiles) character file.

49 Manul the Ducker (level 3, -7/19 HPs)
             Began as a Spriggan Abyssal Knight on Jan 4, 2018.
             Was a Follower of Lugonu.
             Killed from afar by Natasha (10 damage)
             ... with a wand of flame (12)
             ... on level 2 of the Dungeon.
             The game lasted 00:02:16 (2139 turns).

Manul the Ducker (Spriggan Abyssal Knight)          Turns: 2139, Time: 00:02:17

Health: -7/19      AC:  2    Str:  8    XL:     3   Next: 51%
Magic:  5/5        EV: 20    Int: 22    God:    Lugonu [*.....]
Gold:   178        SH:  0    Dex: 16    Spells: 0/2 levels left

rFire    . . .     SeeInvis +   a - +1 short sword
rCold    . . .     Gourm    .   (shield restricted)
rNeg     . . .     Faith    .   b - +0 robe
rPois    .         Spirit   .   (helmet restricted)
rElec    .         Reflect  .   (no cloak)
rCorr    .         Harm     .   (gloves unavailable)
MR       .....                  (boots unavailable)
Stlth    ++........             (no amulet)
HPRegen  0.06/turn              j - +4 ring of intelligence
MPRegen  0.09/turn              (no ring)

@: brilliant, flying, slowed, quick
A: very small, unfitting armour, see invisible, herbivore, speed 3, slow
metabolism 2
a: Depart the Abyss, Renounce Religion


You were on level 2 of the Dungeon.
You worshipped Lugonu.
Lugonu was aware of your devotion.
You were not hungry.

You visited 1 branch of the dungeon, and saw 2 of its levels.
You visited the Abyss 1 time.

You collected 178 gold pieces.

Inventory:

Hand Weapons
 a - a +1 short sword (weapon)
Armour
 b - a +0 robe (worn)
Jewellery
 j - a +4 ring of intelligence (left hand)
Scrolls
 e - a scroll of magic mapping {unknown}
 f - 2 scrolls of identify {unknown}
 h - 4 scrolls of teleportation {unknown}
 l - 3 scrolls of remove curse {unknown}
 n - a scroll of noise {unknown}
Potions
 g - a potion of curing
Books
 d - a book of Death

   Spells                             Type                      Level
   a - Corpse Rot                     Necromancy                   2
   b - Sublimation of Blood           Necromancy                   2
   c - Agony                          Necromancy                   5
   d - Dispel Undead                  Necromancy                   5
   e - Excruciating Wounds            Charms/Necromancy            5
   f - Bolt of Draining               Conjuration/Necromancy       5
Comestibles
 c - 5 rations


   Skills:
 + Level 2.6 Fighting
 + Level 2.8 Short Blades
 + Level 4.5 Dodging
 + Level 2.3 Stealth
 * Level 0.1 Spellcasting
 + Level 1.8 Invocations


You couldn't memorise any spells.
You knew the following spells:

 Your Spells              Type           Power        Failure   Level  Hunger
a - Corpse Rot            Necr           N/A          3%          2    ###....


Dungeon Overview and Level Annotations

Branches:
Dungeon (2/15)

Altars:

Annotations:
D:2 Natasha


Innate Abilities, Weirdness & Mutations

You are very small and have problems with some larger weapons.
You are too small for most types of armour.
You have supernaturally acute eyesight. (SInv)
You are a herbivore.
You cover ground extremely quickly.
You need consume almost no food.


Message History

You feel clever all of a sudden.
Natasha stares at you and mumbles some strange words.
You feel yourself slow down.
It was a potion of flight.
You feel very buoyant.
You fly up into the air.
Natasha zaps a wand.
The puff of flame misses you.
Natasha mumbles some strange words.
Natasha zaps a wand.
The puff of flame hits you! The shadow imp gestures at you.
You struggle to resist.
The shadow imp lashes its tail.
Natasha wildly gestures.
Natasha glows brightly for a moment.
Natasha stares at you and mumbles some strange words.
The magic dart hits you!
* * * LOW HITPOINT WARNING * * *
Natasha zaps a wand.
The puff of flame misses you.
Natasha zaps a wand.
The puff of flame hits you!
Ouch! That really hurt!
You die...

#.#.....>...........#.#
#######.# #.####).#########..<#
#.......# #............#####.##
#.#####.. #.#.#......#.#......#
#.# #.. #.###...#..#.#.####.#
#.# #..
#.......#..#.#.####.###.# #..
#.........<.......#..##.# ##..
#.......##.#.#.##.#.....####...
#.###.........@รท...............
... .............#.##..#.##.#.##
###.......##.#......###.#(##.#.#
....##.#.##.#.####.###.#.##.#.#
#.....####.#.# #...#.#.##.#.##
##.......#.#.. +.h.....##.#.#.
.......#.#.######...##.###.#.#.
#........5......## .# #.#...
##..#.#..h...##.# #.###.


You could see Natasha.

Vanquished Creatures
  An adder (D:2)
  An ooze (D:2)
  A dart slug (D:1)
  A ball python (D:1)
  2 bats
  4 goblins
  5 hobgoblins (D:1)
  4 jackals (D:1)
  3 frilled lizards (D:1)
  5 kobolds
  3 rats
30 creatures vanquished.

Notes
Turn   | Place    | Note
-------+----------+-------------------------------------------
     0 | Abyss:1  | Manul the Spriggan Abyssal Knight began the quest for the Orb.
     0 | Abyss:1  | Reached XP level 1. HP: 11/11 MP: 3/3
    51 | Abyss:1  | Noticed a large abomination
    61 | Abyss:2  | Found a corrupted altar of Lugonu.
   123 | Abyss:2  | Noticed a ynoxinul
   134 | Abyss:2  | Noticed a small abomination
   164 | Abyss:2  | Noticed a glowing orange brain
   169 | D:1      | Escaped the Abyss
   234 | D:1      | Reached * piety under Lugonu
   234 | D:1      | Reached skill level 4 in Dodging
   555 | D:1      | Reached XP level 2. HP: 14/16 MP: 4/4
   566 | D:1      | Reached skill level 1 in Stealth
  1548 | D:2      | Reached XP level 3. HP: 10/19 MP: 5/5
  1726 | D:2      | Learned a level 2 spell: Corpse Rot
  2115 | D:2      | Noticed Natasha
  2139 | D:2      | Killed from afar by Natasha

Vault maps used:
D:1:      minmay_arrival_three_doors, nrook_uturn
D:2:      minmay_wonky_spiral, uniq_natasha
Abyss:1:  evilmike_abyss_exit_11

Skill      XL: |  1  2  3 |
---------------+----------+-----
Dodging        | 4 |  4.5
Stealth        | 1 2 |  2.3
Fighting       | |  2.6
Short Blades   | |  2.8
Spellcasting   | |  0.1
Invocations    | |  1.8

Action                   || total
-------------------------++-------
Melee: Short sword       ||    94
Invok: Depart the Abyss  ||     1
  Use: Potion            ||     4
 Stab: Sleeping          ||     1
Armor: Robe              ||     6
Dodge: Dodged            ||    74

Table legend:
 A = Spawn XP
 B = Non-spawn XP
 C = Spawn XP percentage of total XP
 D = Spawn monster count
 E = Non-spawn monster count
 F = Spawn count percentage of total count
 G = Total turns spent on level
                    A         B        C        D         E        F      G
               +---------+---------+-------+---------+---------+-------+---------
         Total |       0 |      70 |   0.0 |       0 |      30 |   0.0 |  2139
               +---------+---------+-------+---------+---------+-------+---------
           D:1 |       0 |      39 |   0.0 |       0 |      22 |   0.0 |  1371
           D:2 |       0 |      31 |   0.0 |       0 |       8 |   0.0 |   599
               +---------+---------+-------+---------+---------+-------+---------
